 Dungeon Crawl Stone Soup version 0.27.1-33-g824d729ab1 (webtiles) character file.

Game seed: 13361696480166369144

10338 zeram the Nimble (level 11, -10/51 HPs)
             Began as a Spriggan Fighter on Dec 13, 2021.
             Was an Initiate of Gozag.
             Collided with a rock wall (14 damage)
             ... caused by Erica
             ... on level 10 of the Dungeon.
             The game lasted 00:30:04 (17896 turns).

zeram the Nimble (Spriggan Fighter)                Turns: 17896, Time: 00:30:06

Health: -10/51     AC:  5    Str: 12    XL:     11   Next: 34%
Magic:  12/12      EV: 25    Int: 14    God:    Gozag
Gold:   2349       SH: 12    Dex: 14    Spells: 8/10 levels left

rFire    . . .     SeeInvis +   E - +6 quick blade
rCold    . . .     Faith    .   c - +0 buckler
rNeg     . . .     Spirit   .   b - +0 robe
rPois    .         Reflect  +   p - +2 hat
rElec    .         Harm     .   B - +0 cloak {Stlth+}
rCorr    .         Rampage  .   (gloves unavailable)
Will     ++...                  (boots unavailable)
Stlth    +++++.....             t - amulet of reflection
HPRegen  0.17/turn              o - ring of wizardry
MPRegen  0.13/turn              w - ring of willpower

@: very quick
A: very small, no large weapons, unfitting armour, see invisible, speed 3
a: Renounce Religion, Potion Petition, Call Merchant, Bribe Branch


You were on level 10 of the Dungeon.
You worshipped Gozag.
Gozag was most pleased with you.
You visited 2 branches of the dungeon, and saw 11 of its levels.

You collected 2462 gold pieces.
You paid 113 gold pieces to Gozag.

Inventory:

Hand Weapons
 a - a +0 rapier
 d - a +2 dagger of venom
 q - a +2 long sword of holy wrath
 E - a +6 quick blade (weapon)
Missiles
 h - 218 stones (quivered)
 n - 2 throwing nets
Armour
 b - a +0 robe (worn)
 c - a +0 buckler (worn)
 p - a +2 hat (worn)
 B - a +0 cloak of stealth (worn)
Jewellery
 f - an amulet of guardian spirit
 i - a ring of wizardry
 o - a ring of wizardry (left hand)
 t - an amulet of reflection (around neck)
 v - a ring of protection from fire
 w - a ring of willpower (right hand)
 x - a ring of protection from cold
 C - a ring of wizardry
 G - a ring of magical power
Wands
 r - a wand of mindburst (4)
 I - a wand of flame (20)
 L - a wand of digging (4)
Scrolls
 e - 3 scrolls of magic mapping
 y - a scroll of silence
 A - a scroll of noise
 J - a scroll of identify
 K - 3 scrolls of teleportation {unknown}
Potions
 g - 2 potions of flight
 j - a potion of brilliance {unknown}
 k - 6 potions of mutation
 l - a potion of berserk rage
 m - 5 potions of curing
 s - 2 potions of might
 u - 2 potions of degeneration
 z - a potion of attraction {unknown}
 D - a potion of heal wounds {unknown}
 F - a potion of ambrosia {unknown}
 H - a potion of haste


   Skills:
 - Level 2.4 Fighting
 + Level 10.5 Short Blades
 - Level 0.1 Throwing
 + Level 14.0 Dodging
 + Level 9.1 Stealth
 - Level 7.3 Shields


You had 8 spell levels left.
You knew the following spells:

 Your Spells              Type           Power      Damage    Failure   Level
a - Blink                 Tloc           N/A        N/A       17%         2

Your spell library contained the following spells:

 Spells                   Type           Power      Damage    Failure   Level
 Pain                     Necr           0%         1d4       12%         1
 Lesser Beckoning         Tloc           0%         N/A       32%         3
 Stone Arrow              Conj/Erth      0%         3d7       32%         3
 Agony                    Necr           0%         N/A       95%         5
 Bolt of Magma            Conj/Fire/Erth 0%         4d4       95%         5
 Excruciating Wounds      Necr           0%         N/A       95%         5
 Manifold Assault         Tloc           0%         N/A       95%         5
 Malign Gateway           Summ/Tloc      0%         N/A       100%        7
 Summon Horrible Things   Summ           0%         N/A       100%        8
 Shatter                  Erth           0%         3d5*      100%        9


Dungeon Overview and Level Annotations

Branches:
Dungeon (10/15)            Temple (1/1) D:5            Lair (0/6) D:8
    Orc: D:9-12

Altars:
Ashenzari
Cheibriados
Elyvilon
Fedhas
Gozag
Hepliaklqana
Makhleb
Nemelex Xobeh
Okawaru
Qazlal
Ru
Trog
Uskayaw
Vehumet
Wu Jian
Xom
Yredelemnul
Zin
The Shining One

Shops:
D:9 (

Annotations:
D:10 Erica


Innate Abilities, Weirdness & Mutations

You are very small and have problems with some larger weapons.
You are too small for most types of armour.
You have supernaturally acute eyesight. (SInv)
You cover ground extremely quickly. (Speed+++)


Message History

Erica hits you with a +4 scimitar of flaming.
Erica burns you.
You barely miss Erica.
Erica is lightly wounded.
You puncture Erica!
Erica is moderately wounded.
You hit Erica.
Erica is heavily wounded.
Erica completely misses you.
You hit Erica but do no damage.
Erica is heavily wounded.
You hit Erica.
Erica is heavily wounded.
You hit Erica.
Erica is heavily wounded.
You closely miss Erica.
Erica is heavily wounded.
Erica hits you with a +4 scimitar of flaming!
Erica burns you.
You closely miss Erica.
Erica is heavily wounded.
You hit Erica.
Erica is severely wounded.
You barely miss Erica.
Erica is severely wounded.
Erica hits you with a +4 scimitar of flaming!
Erica burns you.
You closely miss Erica.
Erica is severely wounded.
You hit Erica.
Erica is severely wounded.
You hit Erica.
Erica is severely wounded.
Erica points at you and mumbles some strange words.
The lance of force hits you!!
* * * LOW HITPOINT WARNING * * *
You are knocked back by the lance of force.
You slam into the rock wall!
You die...
Your body crumbles into a pile of gold.

..# #......#....##.....##... ..#
#......#....##.....##... ..#
#......#....#......##### ..#
#......#....#......#.... ..#
#......#....#......'.... ..#
#......'....#......#....
..########......##########+##....
........########.................
........# #@..@.........≈...
........# #...........P≈≈≈..
........# #.........P≈≈≈≈[..
........########.........≈≈≈≈≈≈P.
#####'###...##.##'######(≈≈≈≈≈≈≈≈
............#......#...+.≈≈≈≈≈≈≈≈
............#......#...# ..≈≈≈≈≈≈
.......}....+......#<..# ..P≈≈≈≈≈
......########....##.### ..P≈≈≈≈.


You could see Erica.

Vanquished Creatures
  Gastronok (D:9)
  A two-headed ogre (D:6)
  A komodo dragon (shapeshifter) (D:10)
  A hornet (D:9)
  A shadow (D:9)
  Sigmund (D:2)
  14 yaks
  3 wyverns
  2 steam dragons
  3 wargs (D:8)
  2 water moccasins
  Duvessa (D:5)
  A black bear (D:5)
  2 ice beasts
  6 orc warriors
  4 necrophages
  3 ogres
  A centaur (D:6)
  2 phantoms
  6 kobold brigands
  3 bullfrogs
  A wyvern zombie (D:6)
  A gnoll sergeant (D:4)
  4 scorpions
  2 water moccasin zombies
  Dowan (D:5)
  A water moccasin skeleton (D:5)
  A killer bee (D:8)
  8 wights
  A lava snake (D:9)
  A centaur zombie (D:9)
  2 hounds
  A centaur skeleton (D:6)
  4 orc priests
  2 bullfrog skeletons
  5 iguanas
  Ijyb (D:4)
  12 orc wizards
  A howler monkey zombie (D:7)
  Robin (D:2)
  8 gnolls
  2 adders
  2 worms
  4 dart slugs
  17 orcs
  3 endoplasms
  4 giant cockroaches
  7 hobgoblins
  3 jackals (D:1)
  26 kobolds
  6 quokkas
  6 ball pythons
  5 bats
  5 frilled lizards
  15 goblins
  A quokka skeleton (D:4)
  11 rats
234 creatures vanquished.

Vanquished Creatures (others)
  A kobold (D:7)
  A plant (D:8)
2 creatures vanquished.

Grand Total: 236 creatures vanquished

Notes
Turn   | Place    | Note
-------+----------+-------------------------------------------
     0 | D:1      | zeram the Spriggan Fighter began the quest for the Orb.
     0 | D:1      | Reached XP level 1. HP: 11/11 MP: 2/2
   251 | D:1      | Reached XP level 2. HP: 16/16 MP: 3/3
   359 | D:1      | Reached skill level 5 in Dodging
  1042 | D:1      | Found a faded altar of an unknown god.
  1240 | D:1      | Reached XP level 3. HP: 13/19 MP: 4/4
  1773 | D:2      | Reached skill level 6 in Dodging
  1796 | D:2      | Noticed Sigmund
  2103 | D:2      | Killed Sigmund
  2104 | D:2      | Reached skill level 8 in Dodging
  2104 | D:2      | Reached XP level 4. HP: 23/23 MP: 5/5
  2104 | D:2      | Reached XP level 5. HP: 27/27 MP: 6/6
  2304 | D:2      | Noticed Robin
  2381 | D:2      | Killed Robin
  2969 | D:3      | Reached skill level 9 in Dodging
  2969 | D:3      | Reached XP level 6. HP: 19/32 MP: 4/7
  5051 | D:4      | Noticed Ijyb
  5278 | D:4      | Killed Ijyb
  5475 | D:5      | Entered Level 5 of the Dungeon
  6169 | D:3      | Reached XP level 7. HP: 16/35 MP: 8/8
  6345 | D:3      | Learned a level 2 spell: Blink
  7265 | D:5      | Noticed Duvessa
  7265 | D:5      | Noticed Dowan
  7480 | D:5      | Killed Duvessa
  7481 | D:5      | Reached skill level 5 in Shields
  7509 | D:5      | Killed Dowan
  7628 | D:5      | Found a staircase to the Ecumenical Temple.
  7874 | D:5      | Noticed a yak
  7875 | D:5      | Noticed a yak
  7875 | D:5      | Noticed a yak
  7876 | D:5      | Noticed a yak
  7877 | D:5      | Noticed a yak
  7890 | D:5      | Killed a yak
  7891 | D:5      | Reached XP level 8. HP: 35/39 MP: 9/9
  8805 | D:5      | Identified the +7 scimitar of Dienaf {holy, Str+3 Int+2}
  9309 | Temple   | Entered the Ecumenical Temple
  9371 | Temple   | Became a worshipper of Gozag Ym Sagoz the Greedy
  9484 | D:6      | Reached skill level 1 in Stealth
  9939 | D:6      | Reached XP level 9. HP: 38/43 MP: 10/10
 10045 | D:6      | Reached skill level 10 in Dodging
 11319 | D:7      | Reached skill level 5 in Short Blades
 11593 | D:7      | Noticed a two-headed ogre
 11628 | D:6      | Killed a two-headed ogre
 11629 | D:6      | Reached skill level 11 in Dodging
 12345 | D:7      | Reached XP level 10. HP: 33/47 MP: 11/11
 13106 | D:7      | Reached skill level 12 in Dodging
 13249 | D:8      | Found an ornate altar of the Wu Jian Council.
 13378 | D:8      | Found a staircase to the Lair.
 13689 | D:8      | Reached skill level 5 in Stealth
 13742 | D:8      | Identified 3 scrolls of acquirement
 14251 | D:8      | Identified the +0 chain mail of Defence {Int+2}
 15247 | D:9      | Acquired a +5 quick blade
 15253 | D:9      | Acquired a +0 cloak of stealth
 15262 | D:9      | Acquired 960 gold pieces
 15428 | D:9      | Reached skill level 13 in Dodging
 15572 | D:9      | Noticed Gastronok
 16598 | D:9      | Reached XP level 11. HP: 40/51 MP: 12/12
 16638 | D:9      | Killed Gastronok
 16639 | D:9      | Reached skill level 10 in Short Blades
 17350 | D:9      | Found Cuymueh's Antique Weapon Emporium.
 17448 | D:10     | Entered Level 10 of the Dungeon
 17591 | D:10     | Noticed Erica
 17751 | D:10     | Reached skill level 14 in Dodging
 17896 | D:10     | Collided with a rock wall

Illustrated notes

Levels and vault maps discovered:
D:1:      tarquinn_simple_flora_water_c, layout_basic,
          ebering_ecumenical_altar_petrified
D:2:      layout_rooms, minmay_crystal_water, minmay_rat_gold_closets,
          uniq_sigmund, uniq_robin
D:3:      layout_basic
D:4:      layout_basic, uniq_ijyb
D:5:      layout_layer_cave, minmay_temple_entry_statues_pillars, uniq_duvessa
D:6:      layout_cave_pods, kennysheep_potato
D:7:      layout_rooms, minmay_fractal_squares_5
D:8:      layout_basic, old_standard_altar, erik_lair_orcish_takeover,
          st_stairs_4
D:9:      minmay_flawed_box, layout_stronghold, kennysheep_crisscross,
          kennysheep_small_circle, uniq_gastronok
D:10:     layout_gridville, fungi_pond_lemuel, kennysheep_generic_room_15,
          uniq_erica
Temple:   compressed_dpeg_triangle_lava_temple

Skill      XL: |  1  2  3  4  5  6  7  8  9 10 11 |
---------------+----------------------------------+-----
Dodging        | 5 8 9 11 13 14 | 14.0
Shields        | 3 5 7 |  7.3
Stealth        | 1 4 7 9 |  9.1
Short Blades   | 3 7 9 10 | 10.5
Fighting       | |  2.4
Throwing       | |  0.1

Action                   |  1- 3 |  4- 6 |  7- 9 | 10-12 || total
-------------------------+-------+-------+-------+-------++-------
Melee: Rapier            |   136 |     3 |       |       ||   139
       Dagger            |       |   244 |   469 |   353 ||  1066
       Quick blade       |       |       |       |   368 ||   368
Throw: Stone             |       |    10 |    31 |    11 ||    52
Evoke: Wand              |       |       |    14 |       ||    14
  Use: Scroll            |     2 |     6 |     1 |    12 ||    21
       Potion            |     2 |     2 |     1 |     1 ||     6
 Stab: Invisible         |     1 |     1 |       |       ||     2
       Sleeping          |       |     6 |     4 |    10 ||    20
       Distracted        |       |     2 |       |     5 ||     7
Armor: Robe              |    17 |     8 |    23 |    12 ||    60
Dodge: Dodged            |   115 |   133 |   235 |   152 ||   635
Block: Buckler           |    45 |    78 |   242 |   174 ||   539
       Reflection        |       |       |     5 |     3 ||     8
